 Dungeon Crawl Stone Soup version 0.25-a0-67-g7dccc1b (webtiles) character file.

Game seed: 884749159999988660, levelgen mode: deterministic

1313 pichaelthompson the Chopper (level 8, -10/63 HPs)
             Began as a Demonspawn Berserker on Nov 1, 2019.
             Was a Priest of Trog.
             Mangled by an iguana (12 damage)
             ... on level 5 of the Dungeon.
             The game lasted 00:11:17 (3719 turns).

pichaelthompson the Chopper (Demonspawn Berserker)  Turns: 3719, Time: 00:11:17

Health: -10/63     AC: 13    Str: 19    XL:     8   Next: 32%
Magic:  17/17      EV: 12    Int:  8    God:    Trog [***...]
Gold:   344        SH:  0    Dex: 14    Spells: 7/7 levels left

rFire    + . .     SeeInvis .   t - +0 broad axe
rCold    . . .     Gourm    .   (no shield)
rNeg     . . .     Faith    +   r - +0 ring mail
rPois    .         Spirit   .   j - +0 helmet
rElec    .         Reflect  .   (no cloak)
rCorr    .         Harm     .   (no gloves)
MR       ++...                  g - +0 pair of boots
Stlth    +.........             p - amulet of faith
HPRegen  1.20/turn              m - ring of magical power
MPRegen  0.15/turn              n - +3 ring of protection

@: lethally poisoned (-10 -> -11), berserk cooldown, regenerating, slowed, very
slow
A: icy blue scales 1, fire resistance 1, powered by death 2
a: Berserk, Trog's Hand, Renounce Religion


You were on level 5 of the Dungeon.
You worshipped Trog.
Trog was most pleased with you.
You were very hungry.

You visited 1 branch of the dungeon, and saw 5 of its levels.

You collected 344 gold pieces.

Inventory:

Hand Weapons
 t - a +0 broad axe (weapon)
Missiles
 y - 2 boomerangs (quivered)
Armour
 g - a +0 pair of boots (worn)
 j - a +0 helmet (worn)
 r - a +0 ring mail (worn)
Jewellery
 m - a ring of magical power (left hand)
 n - a +3 ring of protection (right hand)
 p - an amulet of faith (around neck)
 w - an uncursed amulet of magic regeneration {unknown}
Wands
 C - a wand of acid (8)
Scrolls
 b - 5 scrolls of identify {unknown}
 d - a scroll of blinking {unknown}
 e - 4 scrolls of remove curse {unknown}
 i - a scroll of fog {unknown}
 k - 2 scrolls of teleportation {unknown}
 l - 3 scrolls of amnesia {unknown}
 o - 3 scrolls of enchant weapon {unknown}
 v - 2 scrolls of magic mapping {unknown}
 x - a scroll of fear {unknown}
 z - a scroll of enchant armour {unknown}
Potions
 f - a potion of lignification {unknown}
 h - a potion of haste {unknown}
 q - 2 potions of flight {unknown}
 s - a potion of agility {unknown}
 u - a potion of mutation {unknown}
 A - a potion of might {unknown}
 B - a potion of experience {unknown}
Comestibles
 c - 13 rations
 D - 4 chunks of flesh


   Skills:
 * Level 5.4 Fighting
 * Level 7.2 Axes
 * Level 4.0 Armour
 * Level 3.6 Dodging


You had 7 spell levels left.
You didn't know any spells.
Your spell library was empty.

Dungeon Overview and Level Annotations

Branches:
Dungeon (5/15)
 Temple: D:4-7

Altars:
Dithmenos
Elyvilon
Nemelex Xobeh


Innate Abilities, Weirdness & Mutations

You are partially covered in icy blue scales. (AC +2)
Your flesh is heat resistant. (rF+)
You regenerate health from kills.


Message History

The iguana closely misses you.
* * * LOW HITPOINT WARNING * * *
You feel very sick. The phantom closely misses you.
Things that are here:
a +2 dagger of venom; a +0 robe; a fizzy golden potion You slash the phantom!
The phantom is moderately damaged.
* * * LOW HITPOINT WARNING * * *
You feel very sick. The phantom barely misses you.
The phantom blinks!
Your skin crawls.
You feel resistant to hostile enchantments.
You are feeling very hungry.
You feel very sick. The iguana bites you.
* * * LOW HITPOINT WARNING * * *
You feel sick.
You feel sick. The iguana bites you!
You die...

#.# ... ## #.# # ... .##
#(# # #.. ..## ##.## #
..##... .####...####
.#... ......_..... #
#...# ####...#### #.
#...# ##.## # .##..#.@.#
#.# # .......l.# #.# #
.#..###)##########.#####
#. ###W##.#.#.)....##..
..##.#.)..#.............>
..........†.....##.......
.$...#...(.....####...###
..## ##.........##.:.##$#
. .#.#...##.....)#)..#?..


You could see a phantom and an iguana.

Vanquished Creatures
  Sigmund (D:5)
  Duvessa (D:5)
  An orc warrior (D:4)
  A necrophage (D:5)
  A phantom (D:4)
  2 ogres
  Dowan (D:5)
  A scorpion (D:4)
  A howler monkey (D:5)
  A crimson imp (D:5)
  A centaur zombie (D:5)
  2 hounds (D:4)
  2 worker ants
  4 iguanas
  8 adders
  An ooze (D:1)
  2 adder skeletons (D:5)
  A worm (D:2)
  A dart slug (D:2)
  3 leopard geckos
  19 orcs
  A ball python (D:5)
  5 giant cockroaches
  7 goblins
  10 hobgoblins
  4 jackals
  6 quokkas
  3 bats
  3 frilled lizards
  8 kobolds
  5 rats
107 creatures vanquished.

Notes
Turn   | Place    | Note
-------+----------+-------------------------------------------
     0 | D:1      | pichaelthompson the Demonspawn Berserker began the quest
                  | for the Orb.
     0 | D:1      | Reached XP level 1. HP: 18/18 MP: 1/1
    51 | D:1      | Gained mutation: Your flesh is heat resistant. (rF+)
                  | [demonic ancestry]
    51 | D:1      | Reached XP level 2. HP: 7/24 MP: 2/2
    52 | D:1      | Reached skill level 3 in Axes
   767 | D:1      | Gained mutation: You are partially covered in icy blue
                  | scales. (AC +2) [demonic ancestry]
   767 | D:1      | Reached XP level 3. HP: 29/29 MP: 3/3
   960 | D:2      | Reached ** piety under Trog
  1306 | D:2      | Found a shadowy altar of Dithmenos.
  1308 | D:2      | Found a white marble altar of Elyvilon.
  1451 | D:2      | Gained mutation: You regenerate a little health from kills.
                  | [demonic ancestry]
  1451 | D:2      | Reached XP level 4. HP: 36/36 MP: 4/4
  2049 | D:3      | Reached skill level 4 in Axes
  2409 | D:4      | Gained mutation: You regenerate health from kills. [demonic
                  | ancestry]
  2409 | D:4      | Reached XP level 5. HP: 42/42 MP: 5/5
  2442 | D:4      | Noticed an ogre
  2445 | D:4      | Killed an ogre
  2543 | D:4      | Noticed an orc warrior
  2551 | D:4      | Killed an orc warrior
  2551 | D:4      | Reached XP level 6. HP: 22/48 MP: 6/6
  2576 | D:4      | Reached *** piety under Trog
  2578 | D:4      | Reached skill level 5 in Axes
  2776 | D:4      | Reached XP level 7. HP: 49/55 MP: 7/7
  3310 | D:5      | Entered Level 5 of the Dungeon
  3356 | D:5      | Found a sparkling altar of Nemelex Xobeh.
  3382 | D:5      | Noticed Sigmund
  3395 | D:5      | Killed Sigmund
  3395 | D:5      | Reached skill level 6 in Axes
  3469 | D:5      | Reached skill level 5 in Fighting
  3634 | D:5      | Reached XP level 8. HP: 56/61 MP: 8/8
  3686 | D:5      | Noticed Duvessa
  3688 | D:5      | Noticed Dowan
  3701 | D:5      | Killed Duvessa
  3701 | D:5      | Reached skill level 7 in Axes
  3713 | D:5      | Killed Dowan
  3717 | D:5      | HP: 2/63 [iguana (6)]
  3719 | D:5      | Mangled by an iguana

Levels and vault maps discovered:
D:1:      nicolae_arrival_washed_ashore, layout_rooms
D:2:      layout_basic, chequers_temple_overflow_statue_of_worship,
          chequers_serial_rivers_micro_a
D:3:      layout_rooms
D:4:      layout_gridville, first_ration, minmay_fractal_squares_5
D:5:      cheibrodos_quashed, layout_cave_pools, nicolae_overflow_crystal_walls,
          kennysheep_generic_room_14, uniq_duvessa, uniq_sigmund

Skill      XL: |  1  2  3  4  5  6  7  8 |
---------------+-------------------------+-----
Axes           | 3 4 5 6 7 |  7.2
Dodging        | 2 3 |  3.6
Armour         | 2 3 4 |  4.0
Fighting       | 4 5 |  5.4

Action                   |  1- 3 |  4- 6 |  7- 9 || total
-------------------------+-------+-------+-------++-------
Melee: Hand axe          |   121 |    40 |       ||   161
       Broad axe         |       |    90 |   113 ||   203
Invok: Berserk           |     1 |       |     2 ||     3
       Trog's Hand       |     1 |       |     1 ||     2
  Use: Potion            |     1 |       |     1 ||     2
 Stab: Sleeping          |     2 |       |       ||     2
  Eat: Chunk             |     3 |     5 |     4 ||    12
Armor: Animal skin       |     3 |       |       ||     3
       Leather armour    |    39 |     6 |       ||    45
       Ring mail         |       |    96 |    47 ||   143
Dodge: Dodged            |    69 |   140 |    90 ||   299

Table legend:
 A = Non-vault XP
 B = Vault XP
 C = Vault XP percentage of total XP
 D = Non-vault monster count
 E = Vault monster count
 F = Vault count percentage of total count
                 A         B        C        D         E       F
            +---------+---------+-------+---------+---------+-------
      Total |    1087 |     789 |  42.1 |      97 |      10 |   9.3
            +---------+---------+-------+---------+---------+-------
        D:1 |      41 |       0 |   0.0 |      22 |       0 |   0.0
        D:2 |      76 |       0 |   0.0 |      21 |       0 |   0.0
        D:3 |      78 |       0 |   0.0 |      19 |       0 |   0.0
        D:4 |     343 |     324 |  48.6 |      14 |       7 |  33.3
        D:5 |     549 |     465 |  45.9 |      21 |       3 |  12.5
            +---------+---------+-------+---------+---------+-------
